 Dungeon Crawl Stone Soup version 0.18-a0-775-g4d9e04e (webtiles) character file.

476497 cluie the Black Belt (level 23, -6/254 HPs)
             Began as a Demonspawn Transmuter on Dec 12, 2015.
             Was the Champion of Ru.
             Killed from afar by a fire giant (49 damage)
             ... with a fireball
             ... on level 2 of the Depths on Dec 13, 2015.
             The game lasted 03:09:43 (58816 turns).

cluie the Black Belt (Demonspawn Transmuter)       Turns: 58816, Time: 03:09:43

Health: -6/254     AC:  1    Str: 22    XL:     23   Next: 63%
Magic:  34/40      EV: 20    Int: 19    God:    Ru [******]
Gold:   2958       SH:  0    Dex: 20    Spells: 10 memorised, 15 levels left

rFire  . . .     SeeInvis .       - Unarmed
rCold  + . .     Clarity  +     (armour currently unavailable)
rNeg   + . .     SustAt   .     (shield currently unavailable)
rPois  +         Gourm    .     (helmet unavailable)
rElec  .         Spirit   .     (cloak currently unavailable)
rCorr  .         Dismiss  .     (gloves currently unavailable)
rMut   .         Stasis   .     (boots currently unavailable)
MR     ++...                    I - amulet of regeneration
Stlth  ..........               x - ring of wizardry
                                G - ring of protection from cold

@: lethally poisoned (-6 -> -6), exhausted, hydra-form, no potions, corroded
equipment, repel missiles, drained, very resistant to hostile enchantments,
extremely unstealthy
A: (antennae 0), (fangs 0), (icy blue scales 0), (camouflage 0), agile 1, blurry
vision 1, clarity, clever 1, (cold resistance 0), demonic guardian 3, (fire
resistance 0), magic resistance 1, negative energy resistance 1, (poison
resistance), powered by pain 3, screaming 2, slow regeneration 1, wild magic 1,
evolution 2, inability to drink while threatened, no stealth, inability to train
armour, no conjurations magic, no hexes magic, no poison magic, disrupted magic
1, MP-powered wands, inexperienced 1
a: End Transformation, Draw Out Power, Power Leap, Apocalypse, Renounce Religion
}: 2/15 runes: serpentine, barnacled


You were on level 2 of the Depths.
You worshipped Ru.
Ru was exalted by your worship.
You were not hungry.
You were an eight-headed hydra.
You visited 10 branches of the dungeon, and saw 49 of its levels.
You also visited: Labyrinth, Bailey, Ice Cave and Volcano.

You collected 6809 gold pieces.
You spent 3851 gold pieces at shops.

Inventory:

Missiles
 a - 246 arrows
 p - 9 throwing nets (quivered)
Armour
 l - a +0 buckler of protection (melded)
 n - a +2 cloak (melded)
 q - the +3 leather armour "Focs" (melded) {rF+ Dex+5}
   (You found it on level 1 of the Snake Pit)

   It affects your dexterity (+5).
   It protects you from fire.
 w - a +2 pair of boots of running (melded)
 B - a +2 pair of gloves of archery (melded)
 F - the +1 buckler of Kikubaaqudgha's Favour {+Fly rPois Str+3}
   (You acquired it on level 2 of the Vaults)

   It affects your strength (+3).
   It protects you from poison.
   It lets you fly.
Jewellery
 c - an uncursed amulet of guardian spirit
 e - the amulet "Hixavasis" {Faith MR- Int+2 Dex+6}
   (You took it off a deep elf death mage on level 3 of the Elven Halls)

   [amulet of faith]

   It allows you to gain divine favour quickly.
   It affects your intelligence (+2).
   It affects your dexterity (+6).
   It affects your resistance to hostile enchantments.
 o - the cursed ring of the Skies Above {rElec Str-3}
   (You found it on level 3 of the Elven Halls)

   [ring of strength]

   It affects your strength (-3).
   It insulates you from electricity.
   It has a curse placed upon it.
 s - an uncursed ring of protection from magic
 x - a ring of wizardry (right foreclaw)
 D - an uncursed ring of protection from magic
 G - a ring of protection from cold (left foreclaw)
 I - an amulet of regeneration (around neck)
 N - a +3 ring of evasion
 S - an uncursed ring of flight
 T - a +4 ring of strength
Wands
 m - a wand of teleportation (6)
 H - a wand of heal wounds (9)
 Q - a wand of teleportation (7)
 U - a wand of teleportation (5)
 V - a wand of teleportation (2)
 W - a wand of digging (7)
Scrolls
 h - 9 scrolls of teleportation {!r need 15}
 i - 20 scrolls of remove curse
 u - 2 scrolls of fear
 y - 6 scrolls of fog
 J - 6 scrolls of amnesia
 K - 4 scrolls of blinking
 L - 3 scrolls of identify
 M - 3 scrolls of immolation
 P - a scroll of enchant armour
 X - 3 scrolls of magic mapping
 Y - 6 scrolls of recharging
Potions
 b - 6 potions of cancellation
 g - 4 potions of agility
 j - 11 potions of curing
 k - 3 potions of brilliance
 r - 7 potions of might
 t - 9 potions of heal wounds
 A - 4 potions of flight
 C - 4 potions of berserk rage
 E - 2 potions of magic
 O - 3 potions of resistance
 Z - 6 potions of haste
Books
 z - the Almanac of Stolen Souls
   (You found it on level 3 of the Crypt)

   Spells                             Type                      Level
   a - Corpse Rot                     Necromancy                   2
   b - Sublimation of Blood           Necromancy                   2
   c - Vampiric Draining              Necromancy                   3
   d - Cigotuvi's Embrace             Necromancy                   5
   e - Death Channel                  Necromancy                   6
   f - Necromutation                  Transmutation/Necromancy     8
Comestibles
 d - 12 bread rations
 f - 47 fruits
 v - 14 meat rations
 R - 11 beef jerkies


   Skills:
 + Level 19.7(18.1) Fighting
 + Level 17.2(15.7) Dodging
 + Level 6.2(5.0) Shields
 + Level 20.2(18.5) Unarmed Combat
 - Level 13.3(11.9) Spellcasting
 - Level 12.8(11.4) Charms
 + Level 3.1(2.0) Necromancy
 - Level 13.3(11.9) Transmutations


You had 15 spell levels left.
You knew the following spells:

 Your Spells              Type           Power        Failure   Level  Hunger
a - Repel Missiles        Chrm/Air       #####.       2%          2    None
b - Sticks to Snakes      Trmt           ######..     1%          2    None
c - Blade Hands           Trmt           ######....   2%          5    ####...
d - Ice Form              Ice/Trmt       ######..     9%          4    ##.....
e - Hydra Form            Trmt           ######....   11%         6    ######.
f - Regeneration          Chrm/Necr      ######....   2%          3    None
g - Haste                 Chrm           ######..     12%         6    ######.
h - Ozocubu's Armour      Chrm/Ice       #####...     3%          3    None
i - Apportation           Tloc           ###.......   11%         1    None
j - Summon Butterflies    Summ           ###.....     11%         1    None


Dungeon Overview and Level Annotations

Branches:
Dungeon (15/15)            Temple (0/1) D:7            Lair (8/8) D:10
 Shoals (4/4) Lair:4        Snake (4/4) Lair:5        Slime (0/6) Lair:7
    Orc (4/4) D:11            Elf (3/3) Orc:3        Vaults (5/5) D:14
  Crypt (3/3) Vaults:3       Tomb (1/3) Crypt:3      Depths (2/5) D:15

Altars:
Dithmenos
Elyvilon
Fedhas
Kikubaaqudgha
Makhleb
Nemelex Xobeh
Okawaru
Pakellas
Ru
Vehumet
Xom
Yredelemnul
The Shining One
Beogh
Jiyva

Shops:
D:5 *(}=   D:9 :   Orc:2 [   Orc:3 :   Orc:4 [(*=   Shoals:1 *   Shoals:3 *
Snake:2 ([   Vaults:2 (

Portals:
Hell: Depths:1 Depths:2
Pandemonium: Depths:2
Trove: D:14 (give 15 scrolls of teleportation)

Annotations:
Shoals:4 ThermosAquaticus's ghost, adept MiCK


Innate Abilities, Weirdness & Mutations

((You have a pair of large antennae on your head (SInv).))
((You are mostly covered in icy blue scales (AC +3, EV -1).))
A powerful demonic guardian rushes to your aid.
You resist negative energy.
You are powered by pain.
You cannot drink potions while threatened.
You cannot be stealthy.
You cannot train Armour skill.
You cannot study or cast Conjurations magic.
You cannot study or cast Hexes magic.
You cannot study or cast Poison magic.
Your casting is slightly disrupted.
You are somewhat inexperienced (-2 XL).
((You have very sharp teeth.))
((Your skin changes colour to match your surroundings (Stealth).))
You are agile. (Dex +2)
Scrolls take you a little longer to read.
You possess an exceptional clarity of mind.
Your mind is acute. (Int +2)
((Your flesh is cold resistant.))
((Your flesh is very heat resistant.))
You are resistant to hostile enchantments.
((Your system is resistant to poisons.))
You sometimes yell uncontrollably at your foes.
You regenerate slowly when monsters are visible.
Your spells are a little harder to cast, but a little more powerful.
You rapidly evolve.
You expend magic power (3 MP) to strengthen your wands.


Message History

The fire giant begins to cast a spell, but is stunned by your will!
Your balrug gestures at the golden dragon.
The fireball explodes!
The fireball engulfs the golden dragon.
The golden dragon resists.
The fireball engulfs the caustic shrike.
The caustic shrike resists.
You hear a roar!
You roar at the sphinx!
A sphinx and a spriggan air mage come into view.
Unknown command.
Unknown command.
You can drink potions again.
You feel sick.
Unknown command.
You feel sick. Something bites your balrug!! Something claws your balrug.
Something misses your balrug.
The fire giant gestures at you while chanting.
The fireball explodes!
The fireball engulfs you!
You feel threatened and lose the ability to drink potions!
You die...

..........†.......
...............>.. ..
.........†..#..... .C.
D...........#.....
.i.##y.###...<..##....
iC#D## ##.#....[.... {
H).. #.#......... #§##
##.#........
##.D###D.#....###.
#§.§§2...#....#
##)§§§........##
#).§§§§....(###
#D.C........#
#.u#####.....# #.....{
##...... #....#..
##...... .....#...
.....#


You could see an iron dragon (paralysed), a fire giant, a brown ugly thing and a
friendly balrug.

Vanquished Creatures
  An ancient lich (Crypt:3)
  Sojobo (Vaults:4)
  Frederick (Crypt:1)
  Margery (Vaults:3)
  Norris (Vaults:1)
  Saint Roka (Vaults:1)
  Nikola (Shoals:4)
  A bone dragon (Crypt:3)
  2 liches (Crypt:3)
  Rupert (Orc:3)
  Asterion (Vaults:1)
  A deep elf blademaster (Elf:3)
  A deep elf master archer (Elf:3)
  2 large abominations (Elf:3)
  3 ancient champions
  A kraken (Shoals:3)
  4 tengu reavers (Vaults:4)
  6 greater nagas (Snake:4)
  Ilsuiw (Shoals:4)
  A revenant (Crypt:1)
  A fire giant (Depths:1)
  4 frost giants
  7 deep elf sorcerers
  Aizul (Snake:3)
  3 curse skulls (Crypt:1)
  15 ghouls
  9 vault wardens
  4 war gargoyles (Crypt:3)
  12 ironheart preservers
  4 very ugly things
  2 reapers
  5 vampire knights
  6 stone giants
  2 salamander stormcallers
  5 deep elf annihilators (Elf:3)
  A spark wasp (Depths:1)
  2 eidola
  7 deep elf demonologists
  5 deep elf death magi
  8 merfolk javelineers
  A blizzard demon (Depths:1)
  2 ettins
  3 deep elf high priests (Elf:3)
  3 merfolk impalers
  3 crystal guardians (Crypt:3)
  14 jiangshi
  30 vault guards
  4 fire dragons
  A minotaur (Lab)
  A quicksilver dragon skeleton (Crypt:3)
  4 great orbs of eyes
  6 yaktaur captains
  15 naga warriors
  A rakshasa (Depths:1)
  3 ice dragons
  An ice dragon (shapeshifter) (Vaults:4)
  2 hydras
  2 spriggan air magi (Depths:2)
  4 merfolk aquamancers
  12 anacondas
  3 entropy weavers
  3 death knights
  The ghost of George the Destroyer, a journeyman DECj of Vehumet (Lair:4)
  5 merfolk avatars
  4 death yaks (Shoals:3)
  The ghost of AAAAA the Cruncher, a novice DrGl of Pakellas (D:10)
  3 deep troll shamans
  7 centaur warriors
  14 ogre magi
  15 dancing weapons
  A titan zombie (Crypt:3)
  A satyr (Shoals:2)
  10 shock serpents
  13 naga sharpshooters
  2 sun demons (Depths:1)
  2 tengu warriors
  10 spriggans (Lair:8)
  4 orc high priests
  Urug (Lair:3)
  5 vampire magi
  8 hell knights
  13 deep elf knights
  2 fire crabs
  2 iron trolls
  3 soul eaters (Depths:1)
  9 salamander mystics
  34 skeletal warriors
  7 sea snakes
  An unseen horror (D:14)
  A flayed ghost (Vaults:2)
  7 deep trolls
  7 removed MONS_DEEP_ELF_SUMMONERs
  2 obsidian statues
  5 phantasmal warriors
  3 giant orange brains
  11 removed MONS_DEEP_ELF_CONJURERs
  3 hill giants
  Pikel (D:7)
  12 harpies
  A wolf spider zombie (D:12)
  A lindwurm (Orc:2)
  12 naga ritualists
  A stone giant zombie (Crypt:3)
  13 mana vipers
  15 orc knights
  14 ironbrand convokers
  4 orc sorcerers
  An orb spider (shapeshifter) (Vaults:3)
  8 necromancers
  2 hornets
  An iron dragon zombie (Crypt:3)
  12 griffons
  A wolf spider (D:15)
  A cyclops (Orc:2)
  5 salamanders
  7 fauns
  A shadow dragon skeleton (Crypt:3)
  47 ugly things
  3 water nymphs (Shoals:4)
  6 manticores
  5 guardian serpents
  3 sirens
  A toenail golem (Volcano)
  2 centaur zombies
  4 ice statues
  7 elephants
  Joseph (D:7)
  2 gargoyles
  42 black mambas
  An octopode (shapeshifter) (Vaults:2)
  An alligator snapping turtle zombie (Crypt:1)
  13 vault sentinels
  A torpor snail (Lair:7)
  A ghost (Elf:1)
  21 naga magi
  5 spectral swamp worms (Depths:2)
  7 spiny frogs
  3 orange demons (Depths:1)
  2 shock serpent skeletons
  An efreet (D:15)
  A komodo dragon (shapeshifter) (Vaults:3)
  3 kobold demonologists
  An anaconda simulacrum (IceCv)
  2 trolls
  2 trolls (shapeshifter)
  24 yaktaurs
  12 removed MONS_DEEP_ELF_PRIESTs
  A spriggan druid (Lair:8)
  A black draconian skeleton (Crypt:1)
  14 ice devils
  3 red devils
  7 freezing wraiths
  2 jumping spiders
  A queen ant zombie (Crypt:1)
  A tengu conjurer (D:14)
  3 komodo dragons
  3 wind drakes
  A golden dragon simulacrum (IceCv)
  28 merfolk
  5 polar bears
  A raiju (shapeshifter) (Vaults:1)
  A wind drake (shapeshifter) (Vaults:3)
  5 bog bodies
  2 two-headed ogres (shapeshifter)
  25 two-headed ogres
  An ettin zombie (Crypt:3)
  2 boulder beetles
  8 snapping turtles
  2 fire dragon zombies (Crypt:3)
  24 slime creatures
  4 shadows
  A boulder beetle (shapeshifter) (Vaults:2)
  6 blink frogs
  30 flying skulls
  32 deep elf fighters
  An ice dragon skeleton (Crypt:3)
  8 redbacks
  32 yaks
  16 water elementals
  A hill giant zombie (D:11)
  A yak (shapeshifter) (Vaults:4)
  A tarantella (Depths:1)
  2 wyverns
  2 vampires
  2 dire elephant simulacra (IceCv)
  A hungry ghost (D:11)
  39 deep elf magi
  A griffon skeleton (Crypt:1)
  13 wraiths
  A human (D:7)
  12 hippogriffs
  9 wargs
  A human (shapeshifter) (Vaults:3)
  13 vampire mosquitoes
  27 wolves
  2 mottled dragons
  2 iron troll simulacra (IceCv)
  A water nymph zombie (Crypt:2)
  14 water moccasins
  3 hydra simulacra (IceCv)
  A soldier ant (D:11)
  2 slaves
  59 nagas
  6 porcupines
  2 sky beasts
  5 wasps
  A black bear (shapeshifter) (D:15)
  3 black bears (Lair:8)
  A hell hound (shapeshifter) (Vaults:4)
  54 ogres
  5 boggarts (Depths:1)
  13 necrophages
  An eye of draining (D:15)
  4 ice beasts
  47 orc warriors
  3 phantoms
  An elephant skeleton (Crypt:1)
  20 centaurs
  The ghost of cluie the Insei, an amateur DsTm (D:3)
  5 big kobolds
  7 crocodiles
  A hog skeleton (Crypt:1)
  3 elf zombies (Elf:3)
  15 giant frogs
  A yaktaur skeleton (Crypt:2)
  A gnoll sergeant (D:9)
  A scorpion (shapeshifter) (Elf:1)
  5 scorpions
  2 troll zombies (D:11)
  10 killer bees
  4 electric eels
  4 wights (D:7)
  9 crimson imps
  A black bear zombie (Crypt:1)
  A two-headed ogre zombie (Crypt:2)
  A giant frog zombie (D:6)
  4 iron imps (Depths:1)
  4 jellies
  2 yaktaur simulacra
  35 orc wizards
  9 centaur skeletons
  17 orc priests
  2 giant frog skeletons
  2 hounds
  5 worker ants
  Natasha (twice) (D:3)
  2 iguanas
  A killer bee zombie (D:11)
  22 sheep
  A big kobold zombie (Crypt:1)
  4 ogre zombies (D:11)
  A naga skeleton (Crypt:2)
  2 hound zombies
  2 worker ant zombies
  5 gnolls (D:9)
  16 adders
  68 river rats
  2 scorpion zombies (Crypt:1)
  3 shadow imps
  16 white imps
  2 oozes
  A lava snake skeleton (Crypt:2)
  2 worms
  8 giant geckos
  195 orcs
  2 ball pythons
  6 giant cockroaches
  8 goblins
  12 hobgoblins
  3 jackals
  20 kobolds
  5 quokkas
  14 bats
  A giant gecko skeleton (D:4)
  5 giant newts
  3 goblin skeletons
  2 goblin zombies (D:11)
  A hobgoblin zombie (D:11)
  A jackal skeleton (D:7)
  4 orc skeletons (D:11)
  14 orc zombies
  10 rats
  A butterfly (Lair:8)
  A crawling corpse (Elf:3)
  6 fungi (Lair:7)
  19 plants
  2 tentacles (Shoals:3)
2101 creatures vanquished.

Vanquished Creatures (collateral kills)
  An Ice Fiend (IceCv)
  A deep elf master archer (Elf:3)
  A deep elf blademaster (Elf:3)
  Gastronok (Lair:2)
  A greater naga (Snake:2)
  Donald (Vaults:1)
  A vault warden (Vaults:4)
  2 deep elf sorcerers
  An orc warlord (Orc:4)
  A ghoul (Crypt:2)
  A stone giant (Depths:1)
  3 ironheart preservers
  2 very ugly things (Vaults:3)
  Nessos (Lair:6)
  2 deep elf demonologists (Elf:3)
  A spark wasp (Depths:1)
  A deep elf death mage (Elf:3)
  An ettin (Depths:2)
  3 vault guards
  A great orb of eyes (Depths:1)
  3 ogre magi
  Harold (Orc:3)
  4 hydras
  A yaktaur captain (Vaults:4)
  A rakshasa (Vaults:1)
  2 anacondas (Snake:2)
  A catoblepas (Shoals:3)
  A satyr (Shoals:3)
  A dancing weapon (Elf:2)
  A tengu warrior (D:14)
  A vampire mage (Crypt:1)
  A naga sharpshooter (Snake:1)
  Nergalle (D:10)
  The ghost of 4thArraOfDagon the Covert, a journeyman FeFi of Cheibriados (D:12)
  2 deep elf knights (Elf:2)
  2 skeletal warriors
  The ghost of tof the Thaumaturge, a novice DECj of Elyvilon (D:8)
  A deep troll (Depths:1)
  2 hill giants
  A wizard (Vaults:3)
  An orc knight (Orc:4)
  2 removed
  MONS_DEEP_ELF_CONJURERs (Elf:3)
  An ironbrand convoker (Vaults:3)
  2 naga ritualists
  3 cyclopes
  A water nymph (Shoals:3)
  7 ugly things
  2 griffons
  A harpy (Shoals:3)
  An orc sorcerer (Orc:4)
  5 necromancers
  2 vault sentinels
  2 manticores
  5 elephants
  A black mamba (Snake:2)
  A siren (Shoals:4)
  A gargoyle (D:14)
  2 yaktaurs
  A spiny frog (Lair:7)
  2 centaur skeletons
  A komodo dragon (D:10)
  A komodo dragon (shapeshifter) (D:13)
  2 fire drakes
  2 removed MONS_DEEP_ELF_PRIESTs
  A polar bear (Lair:8)
  A blink frog (Lair:8)
  2 slime creatures
  A shadow (D:15)
  A redback (Lair:8)
  A basilisk (Lair:8)
  A deep elf mage (D:9)
  2 nagas
  3 hippogriffs
  14 wolves
  16 yaks
  7 deep elf fighters
  A warg (Orc:4)
  A large abomination (Elf:3)
  A slave (D:6)
  3 orc warriors
  5 water moccasins
  2 black bears
  A crocodile (Lair:1)
  A centaur (D:11)
  3 ogres
  2 big kobolds (D:15)
  3 giant frogs
  An elf zombie (Elf:3)
  3 scorpions
  2 killer bees (D:7)
  A troll zombie (D:11)
  2 crimson imps
  A hound (D:14)
  2 orc priests (Vaults:1)
  A naga zombie (Crypt:3)
  A hound zombie (D:10)
  A tengu skeleton (Crypt:3)
  A hound skeleton (D:11)
  A gnoll (D:9)
  An adder (D:10)
  11 river rats
  6 orcs
  2 goblins (D:14)
  6 kobolds
  3 orc zombies (D:11)
  A tentacle (Shoals:3)
225 creatures vanquished.

Vanquished Creatures (others)
  A vault warden (Vaults:3)
  A merfolk javelineer (Shoals:4)
  A deep elf death mage (Elf:3)
  A jiangshi (Crypt:3)
  A naga warrior (Snake:4)
  A hydra (D:15)
  A dancing weapon (Crypt:3)
  A hell knight (Crypt:3)
  A shock serpent (Snake:3)
  A skeletal warrior (Crypt:2)
  A deep elf knight (Elf:1)
  An iron troll (Depths:2)
  A sea snake (Snake:3)
  An unseen horror (D:15)
  2 harpies
  A vault sentinel (Vaults:4)
  A black mamba (Snake:2)
  A spiny frog (Lair:7)
  A yaktaur (Vaults:1)
  A removed MONS_DEEP_ELF_PRIEST (Elf:3)
  A tengu conjurer (D:14)
  A two-headed ogre (Vaults:1)
  A merfolk (Shoals:1)
  A troll (Orc:3)
  A blink frog (Lair:8)
  A snapping turtle (Shoals:1)
  A flying skull (Crypt:3)
  2 deep elf magi (Elf:1)
  A wraith (D:8)
  3 deep elf fighters
  A water elemental (Shoals:1)
  A hippogriff (Shoals:1)
  A harpy simulacrum (IceCv)
  3 nagas
  2 orc warriors
  A black bear (Lair:8)
  A centaur (Lair:3)
  A crocodile (Lair:3)
  2 ogres (Vaults:2)
  A vine stalker zombie (Crypt:1)
  A scorpion (D:9)
  An orc priest (Orc:1)
  A hound (D:9)
  A worker ant (D:7)
  A river rat (Lair:8)
  An adder (D:9)
  A shadow imp (D:15)
  An ufetubus (Vaults:2)
  6 orcs
  A goblin (D:14)
  A kobold (D:10)
  A giant cockroach (D:3)
  A fulminant prism (D:8)
  43 fungi
  8 lost souls
  18 plants
  10 tentacles (Shoals:3)
  533 tentacle segments (Shoals:3)
678 creatures vanquished.

Grand Total: 3004 creatures vanquished

Notes
Turn   | Place    | Note
--------------------------------------------------------------
     0 | D:1      | cluie the Demonspawn Transmuter began the quest for the Orb.
     0 | D:1      | Reached XP level 1. HP: 15/15 MP: 3/3
   115 | D:1      | Gained mutation: You are partially covered in icy blue scales (AC +1). [demonic ancestry]
   115 | D:1      | Reached XP level 2. HP: 4/21 MP: 5/5
   118 | D:1      | Reached skill level 3 in Unarmed Combat
   733 | D:1      | Gained mutation: A weak demonic guardian rushes to your aid. [demonic ancestry]
   733 | D:1      | Reached XP level 3. HP: 11/27 MP: 6/6
  1095 | D:2      | Learned a level 2 spell: Sticks to Snakes
  1590 | D:2      | Found a sacrificial altar of Ru.
  1605 | D:2      | Became a worshipper of Ru the Awakened
  1691 | D:2      | Gained mutation: You have a pair of small antennae on your head. [demonic ancestry]
  1691 | D:2      | Reached XP level 4. HP: 17/33 MP: 7/7
  1970 | D:2      | Found a sparkling altar of Nemelex Xobeh.
  2197 | D:3      | Noticed cluie's ghost (amateur DsTm)
  2217 | D:3      | Killed cluie's ghost
  2217 | D:3      | Gained mutation: You have a pair of antennae on your head. [demonic ancestry]
  2217 | D:3      | Reached XP level 5. HP: 35/39 MP: 8/8
  2568 | D:3      | Reached skill level 4 in Unarmed Combat
  2655 | D:3      | Noticed Natasha
  2669 | D:3      | Killed Natasha
  2728 | D:3      | Found a burning altar of Makhleb.
  2882 | D:3      | Gained mutation: You cannot study or cast Poison magic. [Ru sacrifice]
  2882 | D:3      | Gained mutation: You cannot study or cast Hexes magic. [Ru sacrifice]
  2882 | D:3      | Gained mutation: You cannot study or cast Conjurations magic. [Ru sacrifice]
  2882 | D:3      | Reached * piety under Ru
  2889 | D:3      | Learned a level 5 spell: Blade Hands
  3067 | D:3      | Noticed Natasha
  3072 | D:3      | Killed Natasha
  3126 | D:4      | Gained mutation: You have a pair of large antennae on your head (SInv). [demonic ancestry]
  3126 | D:4      | Reached XP level 6. HP: 47/47 MP: 9/9
  3787 | D:5      | Entered Level 5 of the Dungeon
  3825 | D:5      | Found Ceasm's Gadget Boutique.
  3851 | D:5      | Found Imalacsi's Antique Weapon Emporium.
  3874 | D:5      | Found Leusex's Assorted Antiques.
  3879 | D:5      | Bought a scroll labeled NOAZOI ARIMYI for 26 gold pieces
  3879 | D:5      | Bought a runed robe for 18 gold pieces
  3879 | D:5      | Bought a scroll labeled NOAZOI ARIMYI for 26 gold pieces
  3879 | D:5      | Bought a wooden wand for 104 gold pieces
  3879 | D:5      | Bought a scroll labeled WOESHR PEFADU for 26 gold pieces
  3879 | D:5      | Bought a viscous golden potion for 23 gold pieces
  3914 | D:5      | Found Conin's Jewellery Shop.
  4329 | D:5      | Reached skill level 5 in Unarmed Combat
  4329 | D:5      | Gained mutation: You are mostly covered in icy blue scales (AC +3, EV -1). [demonic ancestry]
  4329 | D:5      | Reached XP level 7. HP: 36/52 MP: 10/10
  4970 | D:6      | Gained mutation: You cannot drink potions while threatened. [Ru sacrifice]
  4970 | D:6      | Reached ** piety under Ru
  5045 | D:7      | Found a staircase to the Ecumenical Temple.
  5373 | D:7      | Found an iron altar of Okawaru.
  5564 | D:6      | Reached skill level 5 in Dodging
  5630 | D:7      | Found a runed door.
  5630 | D:7      | Noticed a human
  5640 | D:7      | 2 hw wands ok sure game
  5849 | D:7      | Found an oddly glowing altar of Pakellas.
  5866 | D:7      | ahahaha
  5866 | D:7      | nice vault
  5891 | D:7      | uh
  5891 | D:7      | not so nice bee pack
  5891 | D:7      | motherfuck
  5920 | D:8      | Reached skill level 6 in Unarmed Combat
  5923 | D:8      | Gained mutation: You sometimes gain a little power by taking damage. [demonic ancestry]
  5923 | D:8      | Reached XP level 8. HP: 54/60 MP: 11/11
  6051 | D:8      | TREE
  6074 | D:8      | Identified a scroll of acquirement
  6329 | D:8      | Noticed tof's ghost (novice DECj)
  6329 | D:8      | Found a burning altar of Makhleb.
  6605 | D:7      | Noticed Joseph
  7056 | D:7      | Killed Joseph
  7154 | D:7      | Found a basalt altar of Yredelemnul.
  7294 | D:7      | Reached skill level 5 in Fighting
  7387 | D:7      | Noticed Pikel
  7539 | D:7      | Killed Pikel
  7539 | D:7      | Reached skill level 7 in Unarmed Combat
  7539 | D:7      | Reached XP level 9. HP: 22/68 MP: 13/13
  7918 | D:7      | Found a glowing golden altar of the Shining One.
  8636 | D:8      | Killed tof's ghost
  9541 | D:9      | Gained mutation: You are somewhat inexperienced (-2 XL). [Ru sacrifice]
  9541 | D:9      | Reached XP level 8. HP: 64/64 MP: 23/23
  9541 | D:9      | Reached XP level 7. HP: 58/58 MP: 22/22
  9541 | D:9      | Reached *** piety under Ru
  9541 | D:9      | Reached **** piety under Ru
  9645 | D:9      | Reached XP level 8. HP: 55/65 MP: 14/14
  9695 | D:9      | Found Kiot's Book Boutique.
  9701 | D:9      | Found a shimmering altar of Xom.
  9975 | D:9      | Found a blossoming altar of Fedhas.
  9975 | D:9      | Found a sparkling altar of Nemelex Xobeh.
 10215 | D:10     | Entered Level 10 of the Dungeon
 10242 | D:10     | Noticed an ice statue
 10306 | D:10     | Noticed AAAAA's ghost (novice DrGl)
 10325 | D:11     | Noticed a centaur skeleton
 10334 | D:11     | Killed a centaur skeleton
 10334 | D:11     | Reached XP level 9. HP: 71/71 MP: 16/16
 10363 | D:11     | Noticed a red ugly thing
 10390 | D:11     | HP: 3/71 [red ugly thing (22)]
 10396 | D:11     | HP: 3/71 [red ugly thing (17)]
 10403 | D:11     | Killed a red ugly thing
 10403 | D:11     | Reached skill level 5 in Spellcasting
 11005 | D:11     | Found a staircase to the Orcish Mines.
 11089 | D:11     | Reached skill level 8 in Unarmed Combat
 11544 | D:11     | Reached skill level 5 in Transmutations
 11586 | D:11     | Learned a level 4 spell: Ice Form
 11824 | D:11     | Gained mutation: You cannot be stealthy. [Ru sacrifice]
 11959 | D:12     | Noticed a green ugly thing
 12079 | D:10     | Noticed a gargoyle
 12080 | D:10     | Noticed Nergalle
 12087 | D:10     | Killed a gargoyle
 12098 | D:10     | Noticed a spectral orc warlord
 12179 | D:10     | Gained mutation: A demonic guardian rushes to your aid. [demonic ancestry]
 12179 | D:10     | Reached XP level 10. HP: 55/79 MP: 14/18
 12335 | D:10     | Killed AAAAA's ghost
 12558 | D:10     | Noticed a cyclops
 12564 | D:10     | Killed a cyclops
 12605 | D:10     | Found a staircase to the Lair.
 12850 | Lair:1   | Entered Level 1 of the Lair of Beasts
 13056 | Lair:1   | Noticed a black mamba
 14133 | Lair:2   | Gained mutation: You cannot train Armour skill. [Ru sacrifice]
 14133 | Lair:2   | Reached ***** piety under Ru
 14306 | Lair:2   | Reached skill level 9 in Unarmed Combat
 14423 | Lair:2   | Noticed Gastronok
 14466 | Lair:2   | Gained mutation: You sometimes gain power by taking damage. [demonic ancestry]
 14466 | Lair:2   | Reached XP level 11. HP: 51/86 MP: 20/20
 14787 | Lair:2   | Killed Gastronok
 15304 | Lair:3   | Noticed a five-headed hydra
 15311 | Lair:3   | Killed a five-headed hydra
 15320 | Lair:3   | Found a shadowy altar of Dithmenos.
 15773 | Lair:3   | Gained mutation: Your casting is slightly disrupted. [Ru sacrifice]
 15773 | Lair:3   | Reached ****** piety under Ru
 16056 | Lair:3   | Noticed Urug
 16069 | Lair:3   | Killed Urug
 16732 | Lair:4   | Found a staircase to the Shoals.
 16755 | Lair:4   | Found a labyrinth entrance.
 16756 | Lair:4   | Noticed George's ghost (journeyman DECj)
 16778 | Lair:4   | Killed George's ghost
 16781 | Lab      | Entered a labyrinth
 16943 | Lab      | Noticed a minotaur
 16946 | Lab      | Killed a minotaur
 17280 | Lair:4   | Noticed an eight-headed hydra
 17341 | Lair:4   | Killed an eight-headed hydra
 18052 | Lair:5   | Found a staircase to the Snake Pit.
 18055 | Lair:5   | Reached XP level 12. HP: 66/95 MP: 23/23
 18310 | Lair:5   | Learned a level 6 spell: Hydra Form
 18567 | Lair:6   | Noticed Nessos
 18576 | Lair:6   | Killed Nessos
 18576 | Lair:6   | Reached skill level 10 in Unarmed Combat
 18704 | Lair:6   | Found a white marble altar of Elyvilon.
 19318 | Lair:7   | Found a staircase to the Slime Pits.
 19319 | Lair:7   | Found a viscous altar of Jiyva.
 19358 | Lair:7   | Found an oddly glowing altar of Pakellas.
 19372 | Lair:7   | Reached skill level 10 in Dodging
 19375 | Lair:7   | Reached skill level 10 in Fighting
 20446 | Lair:8   | Entered Level 8 of the Lair of Beasts
 20540 | Lair:8   | Reached XP level 13. HP: 58/104 MP: 25/25
 21563 | Lair:8   | Reached skill level 11 in Fighting
 21794 | Lair:8   | Gained mutation: You possess an exceptional clarity of mind. [potion of mutation]
 21794 | Lair:8   | Gained mutation: You evolve. [potion of mutation]
 21794 | Lair:8   | Gained mutation: You expend magic power (3 MP) to strengthen your wands. [potion of mutation]
 21795 | Lair:8   | uh ok sure
 21795 | Lair:8   | Gained mutation: You occasionally shout uncontrollably at your foes. [potion of mutation]
 21795 | Lair:8   | Gained mutation: Your system is resistant to poisons. [potion of mutation]
 21796 | Lair:8   | Gained mutation: Your muscles are strong. (Str +2) [potion of beneficial mutation]
 21797 | Lair:8   | Gained mutation: Your mind is acute. (Int +2) [potion of beneficial mutation]
 22680 | Lair:6   | Lost mutation: Your muscles are strong. (Str +2) [evolution]
 22820 | D:10     | Gained mutation: You sometimes yell uncontrollably at your foes. [mutagenic meat]
 22821 | D:10     | Gained mutation: You are robust (+10% HP). [mutagenic meat]
 22822 | D:10     | Gained mutation: Your spells are a little harder to cast, but a little more powerful. [mutagenic meat]
 22823 | D:10     | Gained mutation: Your flesh is heat resistant. [mutagenic meat]
 22874 | D:10     | Killed Nergalle
 22874 | D:10     | Reached skill level 1 in Shields
 23123 | D:12     | Noticed 4thArraOfDagon's ghost (journeyman FeFi)
 23138 | D:12     | Killed 4thArraOfDagon's ghost
 23163 | D:12     | Gained mutation: You have very sharp teeth. [mutagenic meat]
 23164 | D:12     | Gained mutation: Scrolls take you a little longer to read. [mutagenic meat]
 24640 | D:13     | Reached XP level 14. HP: 124/124 MP: 21/27
 24676 | D:13     | Lost mutation: You are robust (+10% HP). [mutagenic meat]
 24677 | D:13     | Gained mutation: You are agile. (Dex +2) [mutagenic meat]
 24764 | D:13     | Gained mutation: You are resistant to hostile enchantments. [mutagenic meat]
 24765 | D:13     | Gained mutation: You frequently scream uncontrollably at your foes. [mutagenic meat]
 24766 | D:13     | Gained mutation: Your flesh is very heat resistant. [mutagenic meat]
 24767 | D:13     | Gained mutation: You rapidly evolve. [mutagenic meat]
 25609 | D:14     | Found a flagged portal.
 25617 | Bailey   | Entered a bailey
 25618 | Bailey   | oh
 26435 | Bailey   | Reached XP level 15. HP: 76/120 MP: 28/28
 26951 | D:14     | Reached skill level 12 in Fighting
 27026 | D:14     | Gained mutation: You regenerate slowly when monsters are visible. [evolution]
 27172 | D:14     | Found a portal to a secret trove of treasure.
 27759 | D:14     | Found a gate to the Vaults.
 27944 | D:15     | Entered Level 15 of the Dungeon
 28966 | D:15     | Found a staircase to the Depths.
 29395 | D:15     | Gained mutation: You are frail (-10% HP). [mutagenic meat]
 29396 | D:15     | fuck
 29473 | Orc:1    | Entered Level 1 of the Orcish Mines
 29742 | Orc:2    | Found a roughly hewn altar of Beogh.
 29838 | Orc:2    | Found a dark tunnel.
 29850 | Volcano  | Entered a volcano
 30277 | Orc:2    | Found Iday's Armour Shoppe.
 30718 | Orc:3    | Found a staircase to the Elven Halls.
 30791 | Orc:3    | Found Jocsaqits's Book Shoppe.
 30854 | Orc:3    | Noticed Harold
 30864 | Orc:3    | Killed Harold
 30908 | Orc:3    | Noticed Rupert
 30915 | Orc:3    | oh right
 30915 | Orc:3    | uh, fuck
 30920 | Orc:3    | Killed Rupert
 30920 | Orc:3    | Reached XP level 16. HP: 74/116 MP: 24/29
 31541 | Orc:4    | Entered Level 4 of the Orcish Mines
 31551 | Orc:4    | Found Doulal's Antique Armour Emporium.
 31593 | Orc:4    | where did that warlord come from?
 31593 | Orc:4    | fuck
 31921 | Orc:4    | Bought a fine ring mail for 324 gold pieces
 31930 | Orc:4    | Identified the +1 ring mail "Wuibowno" {Dex+3} (You bought it in a shop on level 4 of the Orcish Mines)
 31947 | Orc:4    | Found Noxoutz's Antique Weapon Shoppe.
 32127 | Orc:4    | Found Seuv's General Store.
 32158 | Orc:4    | Bought a potion of haste for 140 gold pieces
 32158 | Orc:4    | Bought a scroll of immolation for 49 gold pieces
 32158 | Orc:4    | Bought a potion of heal wounds for 70 gold pieces
 32158 | Orc:4    | Bought a potion of heal wounds for 70 gold pieces
 32158 | Orc:4    | Bought a potion of might for 56 gold pieces
 32374 | Orc:4    | Found Efum's Jewellery Shoppe.
 32399 | Orc:4    | Bought an uncursed amulet of regeneration for 390 gold pieces
 32399 | Orc:4    | Bought an uncursed ring of protection from cold for 325 gold pieces
 32566 | Orc:4    | Found a roughly hewn altar of Beogh.
 32740 | Elf:1    | Entered Level 1 of the Elven Halls
 32799 | Elf:1    | Found a radiant altar of Vehumet.
 33007 | Elf:1    | Reached skill level 10 in Spellcasting
 33023 | Elf:1    | Reached skill level 13 in Fighting
 33476 | Elf:2    | HP: 3/152 [something (23)]
 33813 | Elf:2    | Found a runed gate.
 34018 | Elf:2    | Found a runed gate.
 34021 | Elf:2    | Found a runed gate.
 34232 | Elf:3    | Entered Level 3 of the Elven Halls
 34582 | D:9      | Bought a book of Minor Magic for 260 gold pieces
 34585 | D:9      | Learned a level 2 spell: Repel Missiles
 35089 | Elf:3    | Identified the Compendium of Levity (You found it on level 3 of the Elven Halls)
 35397 | Elf:3    | this is a stupid elf end
 35659 | Elf:3    | Noticed a deep elf blademaster
 35659 | Elf:3    | Noticed a deep elf blademaster
 35660 | Elf:3    | hmm
 35660 | Elf:3    | to apoc or not to apo
 35660 | Elf:3    | haha nah there's 2 blademasters fuck it
 35663 | Elf:3    | Killed a deep elf blademaster
 35665 | Elf:3    | go, sixfirhy and zap to the extreme
 35675 | Elf:3    | Killed a deep elf blademaster
 35701 | Elf:3    | Reached XP level 17. HP: 66/124 MP: 25/31
 35728 | Elf:3    | Killed a large abomination
 35744 | Elf:3    | oh ok
 35886 | Elf:3    | Noticed a Brimstone Fiend
 35941 | Elf:3    | are you shitting me???
 36005 | Elf:3    | Lost mutation: You frequently scream uncontrollably at your foes. [evolution]
 36006 | Elf:3    | nooo
 36006 | Elf:3    | evolution dont take my tourettes away
 36006 | Elf:3    | i mean i have frail ffs!
 36175 | Elf:3    | well that's bad
 36179 | Elf:3    | Reached skill level 14 in Fighting
 36245 | Elf:3    | Identified the Papyrus of Talismans
 36255 | Elf:3    | Learned a level 3 spell: Regeneration
 36262 | Elf:3    | Learned a level 6 spell: Haste
 36295 | Elf:3    | Got a vibrating iron amulet
 36301 | Elf:3    | Identified the amulet "Hixavasis" {Faith MR- Int+2 Dex+6} (You took it off a deep elf death mage on level 3 of the Elven Halls)
 36329 | Elf:3    | Got a fine iron ring
 36332 | Elf:3    | Identified the cursed ring of the Skies Above {rElec Str-3} (You found it on level 3 of the Elven Halls)
 36924 | Elf:2    | fucking HW exeaxe
 38259 | Shoals:1 | Entered Level 1 of the Shoals
 38438 | Shoals:1 | Found Liniq's Assorted Antiques.
 38446 | Shoals:1 | Bought a scroll of identify for 80 gold pieces
 38446 | Shoals:1 | Bought a glowing lead wand for 160 gold pieces
 38446 | Shoals:1 | Bought a scroll of magic mapping for 140 gold pieces
 38446 | Shoals:1 | Bought a scroll of identify for 80 gold pieces
 38446 | Shoals:1 | Bought a scroll of identify for 80 gold pieces
 39369 | Shoals:2 | Gained mutation: Your muscles are strong. (Str +2) [evolution]
 39457 | Shoals:2 | Upgraded the game from 0.18-a0-750-g37044d6 to 0.18-a0-775-g4d9e04e
 39858 | Shoals:3 | Reached XP level 18. HP: 79/132 MP: 28/32
 39868 | Shoals:3 | Reached skill level 15 in Unarmed Combat
 39913 | Shoals:3 | Found Rurakobe's General Store.
 39981 | Shoals:3 | Found a frozen archway.
 40057 | IceCv    | Entered an ice cave
 40513 | IceCv    | Reached skill level 15 in Fighting
 40536 | IceCv    | Got a scorched ring mail
 40539 | IceCv    | Identified the cursed +0 ring mail of Defiance {Int+3} (You found it in an ice cave)
 41038 | Shoals:4 | Entered Level 4 of the Shoals
 41038 | Shoals:4 | Noticed ThermosAquaticus's ghost (adept MiCK)
 41039 | Shoals:4 | well isn't that lovely
 41173 | Shoals:4 | Noticed Ilsuiw
 41173 | Shoals:4 | Noticed Nikola
 41174 | Shoals:4 | uh
 41190 | Shoals:4 | Killed Ilsuiw
 41206 | Shoals:4 | Killed Nikola
 41551 | Shoals:4 | oh wow
 41551 | Shoals:4 | neato
 41552 | Shoals:4 | couldnt have expected a UC manual here haha
 41719 | Shoals:4 | Got a barnacled rune of Zot
 42158 | Shoals:3 | Reached skill level 16 in Unarmed Combat
 42337 | Snake:1  | Entered Level 1 of the Snake Pit
 42452 | Snake:1  | Got a bloodstained leather armour
 42455 | Snake:1  | Identified the +3 leather armour "Focs" {rF+ Dex+5} (You found it on level 1 of the Snake Pit)
 42455 | Snake:1  | focs
 42945 | Snake:1  | You fall through a shaft!
 42956 | Snake:2  | Found Zeypatae's Antique Armour Boutique.
 42978 | Snake:2  | Bought a pair of embroidered boots for 162 gold pieces
 42978 | Snake:2  | Bought a shiny buckler for 162 gold pieces
 42990 | Snake:2  | Identified a +1 pair of boots of running (You bought it in a shop on level 2 of the Snake Pit)
 42991 | Snake:2  | runboots yess
 43029 | Snake:2  | Found a shadowy altar of Dithmenos.
 43167 | Snake:2  | Found Qocadiz's Antique Weapon Shoppe.
 43709 | Snake:3  | Reached XP level 19. HP: 142/142 MP: 29/33
 43727 | Snake:3  | Reached skill level 17 in Unarmed Combat
 44158 | Snake:3  | Found a shadowy altar of Dithmenos.
 44230 | Snake:3  | Noticed Aizul
 44240 | Snake:3  | Killed Aizul
 44778 | Snake:4  | Entered Level 4 of the Snake Pit
 45184 | Snake:4  | uh ok ow
 45195 | Snake:4  | HP: 6/185 [greater naga/halberd (28)]
 45227 | Snake:3  | that was ludicrously close to splat
 45419 | Snake:4  | Reached skill level 18 in Unarmed Combat
 45596 | Snake:3  | Knowing that you just ate the fabled Pandemonium Pizza....
 45596 | Snake:3  | it fills you with detemination
 45598 | Snake:3  | dank fukin undertale memes brah
 45673 | Snake:4  | Reached skill level 15 in Dodging
 45746 | Snake:4  | Got a serpentine rune of Zot
 45866 | Snake:4  | Reached skill level 5 in Shields
 45989 | Snake:4  | Reached skill level 1 in Charms
 47324 | Vaults:1 | Entered Level 1 of the Vaults
 47335 | Vaults:1 | Noticed Asterion
 47348 | Vaults:1 | Killed Asterion
 47363 | Vaults:1 | Noticed Donald
 47369 | Vaults:1 | Killed Donald
 47537 | Vaults:1 | Gained mutation: You are powered by pain. [demonic ancestry]
 47537 | Vaults:1 | Reached XP level 20. HP: 152/152 MP: 34/34
 47572 | Vaults:1 | Noticed Norris
 47593 | Vaults:1 | Killed Norris
 47596 | Vaults:1 | Gained mutation: Your flesh is cold resistant. [evolution]
 47808 | Vaults:1 | Noticed Saint Roka
 47822 | Vaults:1 | Killed Saint Roka
 48367 | Vaults:1 | Reached skill level 5 in Charms
 49490 | Vaults:2 | Found Xoppajyr's Antique Weapon Shop.
 49594 | Vaults:2 | Got a distressingly furry buckler
 49605 | Vaults:2 | Identified the +1 buckler of Kikubaaqudgha's Favour {+Fly rPois Str+3} (You acquired it on level 2 of the Vaults)
 49605 | Vaults:2 | eh
 50131 | Orc:3    | Bought Qes Iless's Reference Book on Augmentations for 1080 gold pieces
 50135 | Orc:3    | Learned a level 3 spell: Ozocubu's Armour
 50228 | Elf:1    | heh
 50542 | Vaults:3 | uh
 50542 | Vaults:3 | what
 50542 | Vaults:3 | no rf???
 50547 | Vaults:3 | who gives a shit, i'm a hydra
 50599 | Vaults:3 | wait
 50599 | Vaults:3 | so these things spawn in D now?
 50842 | Vaults:3 | Reached XP level 21. HP: 159/159 MP: 36/36
 50964 | Vaults:3 | Lost mutation: You are frail (-10% HP). [evolution]
 51092 | Vaults:3 | Noticed Margery
 51096 | Vaults:3 | uh
 51096 | Vaults:3 | thats bad
 51108 | Vaults:3 | Killed Margery
 51181 | Vaults:3 | Reached skill level 19 in Unarmed Combat
 51218 | Vaults:3 | Found a staircase to the Crypt.
 52072 | Vaults:4 | Noticed Sojobo
 52087 | Vaults:4 | Killed Sojobo
 52094 | Vaults:4 | score one for team tabbing uniques
 52094 | Vaults:4 | sojobo is such a chump when you don't need to fly
 52251 | Vaults:4 | normal marked players: YOURE GONNA HAVE A BAD TIME
 52251 | Vaults:4 | hydraform with mark: om nom nom
 52251 | Vaults:4 | hydraform OP
 52681 | Vaults:4 | Reached skill level 10 in Charms
 52688 | Vaults:4 | ahahaha
 52715 | Vaults:4 | Lost mutation: Your muscles are strong. (Str +2) [evolution]
 53262 | Vaults:5 | Entered Level 5 of the Vaults
 53265 | Vaults:5 | ok lets do this
 53265 | Vaults:5 | Gained mutation: You resist negative energy. [demonic ancestry]
 53265 | Vaults:5 | Reached XP level 22. HP: 139/186 MP: 38/38
 53266 | Vaults:5 | and fucking torment resist ahahaha
 53266 | Vaults:5 | i wont even get much of it
 53266 | Vaults:5 | but who cares
 53393 | Crypt:1  | Entered Level 1 of the Crypt
 53961 | Crypt:1  | uh
 53961 | Crypt:1  | that's a problem
 54560 | Crypt:1  | Noticed Frederick
 54571 | Crypt:1  | Killed Frederick
 56086 | Crypt:3  | Entered Level 3 of the Crypt
 56303 | Crypt:3  | Identified the Almanac of Stolen Souls
 56621 | Crypt:3  | Found an ancient bone altar of Kikubaaqudgha.
 56621 | Crypt:3  | Noticed an ancient lich
 56653 | Crypt:3  | Killed an ancient lich
 56653 | Crypt:3  | Gained mutation: A powerful demonic guardian rushes to your aid. [demonic ancestry]
 56653 | Crypt:3  | Reached XP level 23. HP: 134/194 MP: 33/40
 57094 | Crypt:3  | Found a staircase to the Tomb.
 57219 | Crypt:3  | Gained mutation: Your skin changes colour to match your surroundings (Stealth). [evolution]
 57374 | Tomb:1   | Entered Level 1 of the Tomb of the Ancients
 57375 | Tomb:1   | nah
 57377 | Crypt:3  | orbrun tomb maybe?
 57743 | Depths:1 | Entered Level 1 of the Depths
 57835 | Depths:1 | Reached skill level 20 in Unarmed Combat
 57854 | Depths:1 | sure
 58014 | Depths:1 | Got a crude robe
 58017 | Depths:1 | Identified the +0 robe "Cekad" {rF+ MR- Int+3 SInv} (You found it on level 1 of the Depths)
 58072 | Depths:1 | Found a runed door.
 58094 | Depths:1 | Paralysed by a great orb of eyes for 4 turns
 58121 | Depths:1 | Learned a level 1 spell: Apportation
 58123 | Depths:1 | Learned a level 1 spell: Summon Butterflies
 58123 | Depths:1 | hmm
 58123 | Depths:1 | maybe i could grab nmut
 58123 | Depths:1 | and do extended that way
 58251 | Depths:1 | Reached skill level 1 in Necromancy
 58287 | Depths:1 | Found a gateway to Hell.
 58544 | Depths:2 | Found a one-way gate leading to the halls of Pandemonium.
 58816 | Depths:2 | Killed from afar by a fire giant

Vault maps used:
D:1:      dpeg_chamrin_arrival_tetris
D:2:      nicolae_ru_awakened_eye, nemelex_deck
D:3:      makhleb_grotto_becter, uniq_natasha
D:4:      kennysheep_generic_room_8
D:5:      first_bread, serial_shops, nicolae_shop_stone, shop, shop,
          kennysheep_little_box, serial_corexii_hall, corexii_hall_statues_t,
          corexii_hall_statues_i
D:6:      minivault_5
D:7:      nicolae_tso_carved_into_rock, old_standard_altar,
          johnstein_pakellas_death_squad, dk_yredelemnul_ordeal, uniq_pikel,
          uniq_joseph
D:8:      basic_altar, grunt_tough_drop
D:9:      xom_confusion_cloud, gammafunk_temple_overflow_elements, serial_shops,
          shop
D:10:     minmay_separated_statues, david_lair_shrubbed, uniq_nergalle
D:11:     zombieorc2_lemuel
D:13:     grunt_ogre_cave
D:14:     grunt_vaults_entry_fortified, enter_bailey_3,
          nicolae_trove_entry_crystal, feat_on_display
D:15:     hangedman_depths_entry_try_elsewhere_first, minmay_misc_feat_rows
Lair:1:   serial_forest, infiniplex_forest_lined_4_way, infiniplex_forest_pool,
          infiniplex_forest_corner_1, infiniplex_forest_lined_room_2,
          infiniplex_forest_straight_2
Lair:2:   grunt_megastairs_3, uniq_gastronok
Lair:3:   lemuel_centaur_altar, uniq_urug
Lair:4:   minmay_shoals_entry_beasts, lab_entry_generic
Lair:5:   guppyfry_snake_entry_island, grunt_forest_large_clearings
Lair:6:   basic_altar, infiniplex_staircase_pool, uniq_nessos
Lair:7:   slime_altar_1, basic_altar, beast_lair_carwin_9, serial_bayou_shore_a
Lair:8:   minmay_lair_end_enchanted_forest, lemuel_fruit_fields
Shoals:1: serial_shops, nicolae_shop_overgrown_old_shop
Shoals:2: nicolae_shoals_water_elemental_grotto
Shoals:3: portal_ice_cave_entry_imps, serial_shops, shop_statue,
          nicolae_shoals_arrival_archipelago, uniq_polyphemus
Shoals:4: shoals_end_hangedman, shoals_ilsuiw_alternative,
          nicolae_shoals_isolated_beach, uniq_nikola
Snake:2:  serial_shops, nicolae_shop_behind_doors, shop, basic_altar
Snake:3:  serial_bayou, serial_bayou_pond_c, serial_bayou_pond_e,
          serial_bayou_pond_d, serial_bayou_lagoon_a, basic_altar, st_stairs_11,
          uniq_aizul
Snake:4:  johnstein_snake_rune_scales
Orc:2:    serial_shops, shop, nicolae_volcano_entry_vermiform, basic_altar
Orc:3:    serial_shops, shop, nicolae_orc_pool_cavern, uniq_rupert, uniq_harold
Orc:4:    grunt_orc_gardens, grunt_orc_garden, grunt_orc_garden,
          grunt_orc_garden, grunt_orc_garden, mines2_david
Elf:1:    eino_elf_arrival_altar, minivault_28, serial_sigils_hangedman_carve
Elf:3:    elf_hall, minmay_elf_necromancy
Vaults:1: nicolae_vaults_arrows, ontoclasm_vaults_decontamination,
          vaults_room_door_ring, grunt_vaults_diagonal, ontoclasm_vaults_eye,
          grunt_vaults_bifocal, hangedman_vaults_impose, hangedman_vaults_trim,
          v_misc_16, nicolae_vaults_ring_of_whatevers,
          nicolae_vaults_little_squares_1, uniq_donald, uniq_asterion,
          uniq_norris, uniq_saint_roka
Vaults:2: v_misc_33, nicolae_vaults_rhombus_7, nicolae_vaults_what_the_h,
          vaults_dpeg_ring, serial_ice_m, v_misc_23, vaults_standard_mumra_x,
          nicolae_vaults_quartermaster, serial_shops, nicolae_shop_behind_doors
Vaults:3: nicolae_vaults_twisting_passages, nicolae_vaults_stairing_the_circle,
          minmay_crypt_entry_simple_plaza, vaults_mumra_hexcomb,
          nicolae_vaults_octagons, vaults_dpeg_hooks, v_alt_pattern_5,
          nicolae_vaults_theta, vaults_dpeg_spiral, v_misc_26, vaults_mumra_hex,
          ontoclasm_vaults_twist, vaults_dpeg_encased_lava, uniq_margery
Vaults:4: v_rooms_1, hangedman_vaults_stream, nicolae_vaults_halls_meeting,
          nicolae_vaults_disjoint_gnomons, nicolae_vaults_little_ls,
          nicolae_vaults_alarming, ontoclasm_vaults_pinch,
          nicolae_vaults_big_ls, hangedman_vaults_snaps, v_alt_pattern_4,
          vaults_room_grid, v_misc_22, uniq_sojobo
Crypt:1:  grunt_crypt_arrival_split, uniq_frederick
Crypt:2:  minivault_24
Crypt:3:  cryptofortress_bobbens
Depths:1: grunt_hell_entry_demonic_statue, corexii_hall_statues_x,
          grunt_ministairs_4, kennysheep_treasure_room
Depths:2: minmay_central_circle, pan_entry, moated_statue, serial_shops,
          nicolae_shop_behind_doors, pf_hell_entry_tar_river,
          infiniplex_staircase_pillars_2
Lab:      labyrinth_mini_lab, nicolae_lab_quarters, labyrinth_skeletal_remains,
          nicolae_lab_blocks, nicolae_lab_t_cross, nicolae_lab_dead_end
Bailey:   bailey_polearm_flooded_kennysheep, bailey
IceCv:    ice_cave_tombish
Volcano:  volcano_caves

Action                   |  1- 3 |  4- 6 |  7- 9 | 10-12 | 13-15 | 16-18 | 19-21 | 22-24 || total
-------------------------+-------+-------+-------+-------+-------+-------+-------+-------++-------
Melee: Unarmed           |   167 |   369 |   828 |   792 |  1628 |  1851 |  1324 |  1153 ||  8112
 Cast: Sticks to Snakes  |       |     3 |    12 |       |       |       |       |       ||    15
       Beastly Appendage |       |     1 |     5 |       |       |       |       |       ||     6
       Ice Form          |       |       |     1 |     1 |       |     4 |       |       ||     6
       Blade Hands       |       |       |       |     1 |     6 |    18 |     3 |    25 ||    53
       Hydra Form        |       |       |       |       |       |    44 |    58 |     8 ||   110
       Repel Missiles    |       |       |       |       |       |     7 |     7 |     1 ||    15
       Regeneration      |       |       |       |       |       |     2 |       |       ||     2
       Ozocubu's Armour  |       |       |       |       |       |       |     1 |     4 ||     5
       Haste             |       |       |       |       |       |       |       |     2 ||     2
Invok: Sacrifice Arcana  |       |     1 |       |       |       |       |       |       ||     1
       Power Leap        |       |       |     5 |    23 |    32 |    17 |     3 |     2 ||    82
       Sacrifice Drink   |       |       |     1 |       |       |       |       |       ||     1
       Sacrifice Experie |       |       |     1 |       |       |       |       |       ||     1
       Draw Out Power    |       |       |     1 |     2 |     7 |     4 |     2 |       ||    16
       Sacrifice Stealth |       |       |     1 |       |       |       |       |       ||     1
       Sacrifice Durabil |       |       |       |     1 |       |       |       |       ||     1
       Sacrifice Essence |       |       |       |     1 |       |       |       |       ||     1
       Apocalypse        |       |       |       |     1 |     3 |     5 |     3 |     2 ||    14
 Abil: End Transformatio |       |       |       |       |       |     6 |     2 |     2 ||    10
Evoke: Wand              |       |       |     5 |     2 |     4 |    15 |       |       ||    26
       Deck              |       |       |     1 |       |       |       |       |       ||     1
  Use: Potion            |     2 |       |     2 |     3 |    10 |     1 |       |       ||    18
       Scroll            |       |    14 |    12 |    10 |     9 |    20 |     5 |     3 ||    73
 Stab: Sleeping          |     3 |     1 |     1 |       |       |       |       |       ||     5
       Distracted        |       |     1 |     7 |     3 |    15 |    13 |    21 |    14 ||    74
       Invisible         |       |       |     6 |     8 |    23 |    33 |    27 |    23 ||   120
       Paralysed         |       |       |       |    19 |    38 |    30 |    24 |    10 ||   121
       Confused          |       |       |       |       |     1 |       |       |       ||     1
  Eat: Chunk             |     3 |     8 |    11 |    14 |    26 |     2 |       |       ||    64
       Fruit             |       |     1 |     2 |     2 |       |     1 |       |       ||     6
       Bread ration      |       |       |     2 |       |     4 |     3 |       |     3 ||    12
       Meat ration       |       |       |     1 |     2 |     1 |     1 |       |       ||     5
       Beef jerky        |       |       |     1 |     1 |       |       |       |       ||     2
       Royal jelly       |       |       |     1 |       |       |       |       |       ||     1
       Pizza             |       |       |       |       |       |       |     6 |     1 ||     7
